 Dungeon Crawl Stone Soup version 0.22-a0-299-g43f9854 (webtiles) character file.

91 grindst0ne the Skirmisher (level 4, -4/39 HPs)
             Began as a Demonspawn Wanderer on Mar 25, 2018.
             Slain by a gnoll
             ... wielding a +0 whip
              (9 damage)
             ... on level 2 of the Dungeon.
             The game lasted 00:02:13 (1305 turns).

grindst0ne the Skirmisher (Demonspawn Wanderer)     Turns: 1305, Time: 00:02:14

Health: -4/39      AC:  7    Str: 21    XL:     4   Next: 33%
Magic:  0/4        EV: 11    Int: 12    God:
Gold:   141        SH:  0    Dex: 11    Spells: 3/3 levels left

rFire    . . .     SeeInvis .   a - +2 spear
rCold    . . .     Gourm    .   (no shield)
rNeg     . . .     Faith    .   g - +3 leather armour
rPois    .         Spirit   +   (no helmet)
rElec    .         Reflect  .   m - +0 cloak
rCorr    .         Harm     .   (no gloves)
MR       .....                  (no boots)
Stlth    +.........             (no amulet)
HPRegen  0.13/turn              (no ring)
MPRegen  0.09/turn              (no ring)

@: mighty
A: talons 1, magic shield
a: no special abilities


You were on level 2 of the Dungeon.
You were not hungry.

You visited 1 branch of the dungeon, and saw 2 of its levels.

You collected 141 gold pieces.

Inventory:

Hand Weapons
 a - a +2 spear (weapon)
 c - a +0 falchion
Armour
 d - a +0 robe
 g - a +3 leather armour (worn)
 h - a +0 ring mail
 m - a +0 cloak (worn)
Scrolls
 b - 2 scrolls of teleportation
 e - a scroll of random uselessness {unknown}
 n - 2 scrolls of identify {unknown}
Potions
 i - a potion of curing {unknown}
 k - a potion of might
 l - a potion of cancellation {unknown}
 o - 3 potions of flight {unknown}
 p - a potion of mutation {unknown}
Comestibles
 f - 6 rations
 j - a chunk of flesh


   Skills:
 + Level 5.2 Fighting
 - Level 1.0 Long Blades
 - Level 1.7 Polearms
 - Level 1.0 Dodging
 - Level 1.0 Stealth
   Level 1.7 Shields


You had 3 spell levels left.
You didn't know any spells.

Dungeon Overview and Level Annotations

Branches:
Dungeon (2/15)

Altars:
The Shining One


Innate Abilities, Weirdness & Mutations

You have sharp toenails.
When hurt, damage is shared between your health and your magic reserves.


Message History

The gnoll is almost dead.
The gnoll hits you!
You puncture the gnoll!
You kill the gnoll!
You hit the gnoll.
The gnoll is moderately wounded.
The gnoll hits you with a spear! The gnoll hits you with a whip.
The gnoll hits you but does no damage.
You barely miss the gnoll.
The gnoll is moderately wounded.
The gnoll hits you with a whip. The gnoll closely misses you.
The gnoll hits you with a spear.
* * * LOW HITPOINT WARNING * * *
The gnoll hits you with a spear.
* * * LOW HITPOINT WARNING * * *
The gnoll misses you.
It was a potion of might.
You feel very mighty all of a sudden. The gnoll hits you with a whip!
You die...

..#
#........##.#.# ..
#......#.##..... .
#......#†###(.....
#......#.# ###....
#........# ....
#.........# ...
..######gg###
#..g.# #..@.#
##...# #...# #...#
#####


You could see 3 gnolls.

Vanquished Creatures
  A worker ant (D:2)
  A gnoll (D:2)
  An adder (D:2)
  2 dart slugs (D:2)
  3 leopard geckos (D:1)
  4 giant cockroaches
  4 goblins
  4 hobgoblins
  5 bats
  5 frilled lizards
  6 kobolds
  6 rats
42 creatures vanquished.

Notes
Turn   | Place    | Note
-------+----------+-------------------------------------------
     0 | D:1      | grindst0ne the Demonspawn Wanderer began the quest for the Orb.
     0 | D:1      | grindst0ne set off with: a +2 spear, a scroll of teleportation, a +0 falchion, a +0 robe, a ration
     0 | D:1      | Reached XP level 1. HP: 18/18 MP: 1/1
    48 | D:1      | Gained mutation: When hurt, damage is shared between your health and your magic reserves. [demonic ancestry]
    48 | D:1      | Reached XP level 2. HP: 6/24 MP: 2/2
   616 | D:1      | Reached skill level 4 in Fighting
   911 | D:2      | Reached XP level 3. HP: 28/30 MP: 3/3
   933 | D:2      | Found a glowing golden altar of the Shining One.
  1183 | D:2      | Reached skill level 5 in Fighting
  1183 | D:2      | Gained mutation: You have sharp toenails. [demonic ancestry]
  1183 | D:2      | Reached XP level 4. HP: 25/39 MP: 2/4
  1305 | D:2      | Slain by a gnoll

Vault maps used:
D:1:      dpeg_arrival_shrine
D:2:      old_standard_altar

Skill      XL: |  1  2  3 |
---------------+----------+-----
Fighting       | 4 5 |  5.2
Long Blades    | |  1.0
Polearms       | |  1.7
Dodging        | |  1.0
Stealth        | |  1.0
Shields        | |  1.7

Action                   |  1- 3 |  4- 6 || total
-------------------------+-------+-------++-------
Melee: Spear             |   115 |    18 ||   133
       Kick              |       |     5 ||     5
  Use: Potion            |       |     1 ||     1
 Stab: Sleeping          |     2 |       ||     2
  Eat: Chunk             |     1 |       ||     1
Armor: Robe              |     5 |       ||     5
       Leather armour    |    38 |     6 ||    44
       Ring mail         |     3 |       ||     3
Dodge: Dodged            |    76 |    18 ||    94

Table legend:
 A = Spawn XP
 B = Non-spawn XP
 C = Spawn XP percentage of total XP
 D = Spawn monster count
 E = Non-spawn monster count
 F = Spawn count percentage of total count
 G = Total turns spent on level
                    A         B        C        D         E        F      G
               +---------+---------+-------+---------+---------+-------+---------
         Total |       0 |     130 |   0.0 |       0 |      42 |   0.0 |  1305
               +---------+---------+-------+---------+---------+-------+---------
           D:1 |       0 |      39 |   0.0 |       0 |      24 |   0.0 |   903
           D:2 |       0 |      91 |   0.0 |       0 |      18 |   0.0 |   402
               +---------+---------+-------+---------+---------+-------+---------
